 Dungeon Crawl Stone Soup version 0.20-a0-924-gfa95efa (webtiles) character file.

1483478 nubinia the Annihilator (level 27, 166/166 HPs)
             Began as a Tengu Conjurer on Mar 19, 2017.
             Was a High Priest of Sif Muna.
             Escaped with the Orb
             ... and 3 runes on Mar 27, 2017!
             The game lasted 16:15:16 (117715 turns).

nubinia the Annihilator (Tengu Conjurer)          Turns: 117715, Time: 16:15:17

Health: 166/166    AC: 27    Str: 12    XL:     27
Magic:  58/58      EV: 32    Int: 21    God:    Sif Muna [*****.]
Gold:   5402       SH: 10    Dex: 19    Spells: 4/68 levels left

rFire    + + +     SeeInvis +   a - +9 short sword (protect)
rCold    + . .     Gourm    .   F - +3 buckler {AC+3}
rNeg     + . .     Faith    .   c - +3 leather armour {rN+}
rPois    +         Spirit   .   J - +2 hat of Bitterness {+Inv rF+ SInv}
rElec    +         Reflect  .   L - +5 cloak "Lobair" {rPois MR+ Regen+ MP+9}
rCorr    .         Harm     .   Z - +2 pair of gloves of Kohiohay {rF+ Stlth+}
MR       +++..     Rnd*Rage +   (boots unavailable) Stlth +++.......Rnd*Tele +
                                m - amulet of magic regeneration
Regen    0.8/turn               w - ring "Ynyenu" {rElec rF+ rC+}
MPRegen  0.6/turn               e - +4 ring of evasion

@: flying quickly and evasively, divine energy, deflect missiles, quick
A: beak, talons 3, icy blue scales 1, slimy green scales 1, berserk 2, dopey 1,
strong 1, teleportitis 3, wild magic 1, able to fly 2
0: Orb of Zot
}: 3/15 runes: serpentine, barnacled, silver
a: Stop Flying, Stop Divine Energy, Channel Magic, Forget Spell, Renounce
Religion, Evoke Invisibility


You escaped.
You worshipped Sif Muna.
Sif Muna was extremely pleased with you.
You were not hungry.

You visited 11 branches of the dungeon, and saw 53 of its levels.
You visited the Abyss 1 time.
You also visited: Labyrinth, Trove, Sewer, Ossuary and Wizlab.

You collected 7363 gold pieces.
You spent 1961 gold pieces at shops.

Inventory:

Hand Weapons
 a - a +9 short sword of protection (weapon)
Armour
 c - a +3 leather armour of positive energy (worn)
 d - the +4 scale mail of Generosity {rF+ Str+2 Int+3 Stlth+}
   (You found it on level 4 of the Depths)

   It affects your strength (+2).
   It affects your intelligence (+3).
   It protects you from fire.
   It makes you more stealthy.
 v - a +3 buckler of positive energy
 F - a +3 buckler of protection (worn)
 J - the +2 hat of Bitterness (worn) {+Inv rF+ SInv}
   (You acquired it on level 2 of the Lair of Beasts)

   It protects you from fire.
   It lets you see invisible.
   It lets you turn invisible.
 L - the +5 cloak "Lobair" (worn) {rPois MR+ Regen+ MP+9}
   (You found it on level 13 of the Dungeon)

   It protects you from poison.
   It affects your resistance to hostile enchantments.
   It affects your magic capacity (+9).
   It increases your rate of regeneration.
 Z - the +2 pair of gloves of Kohiohay (worn) {rF+ Stlth+}
   (You found it on level 2 of the Snake Pit)

   It protects you from fire.
   It makes you more stealthy.
Jewellery
 e - a +4 ring of evasion (right hand)
 g - an uncursed amulet of the gourmand
 i - the amulet "Naphama" {Reflect Str+4 SH+2}
   (You took it off a deep elf demonologist on level 3 of the Elven Halls)

   [amulet of reflection]

   It shields you and reflects attacks.
   It affects your strength (+4).
   It affects your SH (+2).
 k - the ring "Appocsyafo" {*Corrode rN+++ Str+3 Int+2}
   (You found it in a treasure trove)

   [ring of intelligence]

   It affects your strength (+3).
   It affects your intelligence (+2).
   It renders you almost immune to negative energy.
   It may corrode you when you take damage.
 m - an amulet of magic regeneration (around neck)
 r - a +4 amulet of reflection
 w - the ring "Ynyenu" (left hand) {rElec rF+ rC+}
   (You found it in a treasure trove)

   [ring of protection from fire]

   It protects you from fire.
   It protects you from cold.
   It insulates you from electricity.
 B - the ring of Secwepuc {rN+ Dex+4}
   (You found it on level 3 of the Crypt)

   [ring of positive energy]

   It affects your dexterity (+4).
   It protects you from negative energy.
 I - the amulet "Halajued" {Fragile +Rage rPois rC+ Dex+2}
   (You acquired it on level 13 of the Dungeon)

   [amulet of rage]

   It affects your dexterity (+2).
   It protects you from cold.
   It protects you from poison.
   It lets you go berserk.
   It will be destroyed if unequipped.
 Q - the ring "Rownic" {rPois rC+++ MR++ Str-2 Int+3}
   (You found it on level 6 of the Lair of Beasts)

   [ring of intelligence]

   It affects your strength (-2).
   It affects your intelligence (+3).
   It renders you almost immune to cold.
   It protects you from poison.
   It affects your resistance to hostile enchantments.
Wands
 b - a wand of lightning (10/15)
 x - a wand of lightning (6/15)
 y - a wand of iceblast (15/15)
 z - a wand of acid (14/15)
 X - a wand of digging (8/24)
Scrolls
 f - 2 scrolls of fog
 h - 2 scrolls of silence
 j - 5 scrolls of teleportation
 n - a scroll of amnesia
 t - 17 scrolls of remove curse
 A - 3 scrolls of fear
 C - 2 scrolls of identify
 E - 2 scrolls of summoning
 H - 7 scrolls of blinking
 P - 4 scrolls of magic mapping
 W - 9 scrolls of recharging
Potions
 l - 18 potions of curing
 q - 4 potions of brilliance
 u - 10 potions of haste
 D - 8 potions of heal wounds
 N - 2 potions of invisibility
 U - 4 potions of might
 V - a potion of resistance
 Y - 6 potions of cancellation
Books
 M - Heif's Collected Works on Confrontation and Malediction
   (Sif Muna gifted it to you on level 5 of the Realm of Zot)

   Spells                             Type                      Level
   a - Tukima's Dance                 Hexes                        3
   b - Portal Projectile              Hexes/Translocation          3
   c - Iskenderun's Battlesphere      Conjuration/Charms           5
   d - Bolt of Magma                  Conjuration/Fire/Earth       5
   e - Glaciate                       Conjuration/Ice              9
 T - a book of Changes

   Spells                             Type                      Level
   a - Beastly Appendage              Transmutation                1
   b - Sticks to Snakes               Transmutation                2
   c - Spider Form                    Transmutation/Poison         3
   d - Ice Form                       Ice/Transmutation            4
   e - Blade Hands                    Transmutation                5
Miscellaneous
 p - a fan of gales
 G - a lightning rod (4/4)
 R - a lamp of fire
 S - a phial of floods
Comestibles
 K - 20 meat rations


   Skills:
 + Level 15.4 Fighting
 + Level 13.3 Short Blades
 + Level 15.3 Armour
 + Level 13.2 Dodging
 + Level 14.3 Stealth
 + Level 11.4 Shields
 + Level 21.1 Spellcasting
 O Level 27 Conjurations
   Level 3.8 Hexes
 + Level 7.4 Charms
 + Level 6.7 Necromancy
 + Level 6.6 Translocations
 * Level 21.7 Fire Magic
 + Level 2.5 Ice Magic
 * Level 26.6 Air Magic
 - Level 0.6 Poison Magic
 + Level 4.0 Invocations
 + Level 4.2 Evocations


You had 4 spell levels left.
You knew the following spells:

 Your Spells              Type           Power        Failure   Level  Hunger
a - Throw Flame           Conj/Fire      ######       1%          2    None
b - Airstrike             Air            ########..   1%          4    None
c - Mephitic Cloud        Conj/Pois/Air  #######.     1%          3    None
d - Summon Lightning Spi  Summ/Air       #######.     1%          4    None
e - Deflect Missiles      Chrm/Air       #######...   1%          6    ###....
f - Force Lance           Conj/Tloc      #######.     1%          4    None
g - Sticky Flame          Conj/Fire      ########     1%          4    None
h - Fireball              Conj/Fire      ########..   1%          5    None
i - Iskenderun's Battles  Conj/Chrm      #######.     1%          5    None
j - Blink                 Tloc           N/A          1%          2    None
k - Swiftness             Chrm/Air       #######.     1%          2    None
l - Apportation           Tloc           ######       1%          1    None
m - Iskenderun's Mystic   Conj           ########     1%          4    None
n - Bolt of Draining      Conj/Necr      #######...   1%          5    None
o - Ozocubu's Armour      Chrm/Ice       ######..     1%          3    None
p - Freezing Cloud        Conj/Ice/Air   #######...   1%          6    ###....
R - Regeneration          Chrm/Necr      ######....   1%          3    None
S - Animate Skeleton      Necr           N/A          1%          1    None


Dungeon Overview and Level Annotations

Branches:
Dungeon (15/15)            Temple (1/1) D:6            Lair (6/6) D:8
 Shoals (4/4) Lair:4        Snake (4/4) Lair:2        Slime (0/5) Lair:5
    Orc (2/2) D:9             Elf (3/3) Orc:2        Vaults (5/5) D:14
  Crypt (3/3) Vaults:3       Tomb (0/3) Crypt:3      Depths (5/5) D:15
    Zot (5/5) Depths:5

Altars:
Ashenzari
Cheibriados
Dithmenos
Elyvilon
Fedhas
Gozag
Hepliaklqana
Kikubaaqudgha
Nemelex Xobeh
Okawaru
Qazlal
Ru
Sif Muna
Trog
Uskayaw
Vehumet
Wu Jian
Xom
Yredelemnul
The Shining One

Shops:
D:13 (   Orc:2 (??(   Elf:3 ([:   Shoals:1 :   Snake:1 ([%[   Snake:4 (
Vaults:1 !   Vaults:3 *   Vaults:4 ?   Depths:2 *   Depths:5 %

Portals:
Hell: Depths:1 Depths:2 Depths:3 Depths:4 Depths:5
Abyss: Depths:4
Pandemonium: Depths:3
Ziggurat: Depths:2

Annotations:
Crypt:2 Mennas
Zot:2 exclusion: orb of fire


Innate Abilities, Weirdness & Mutations

You have a beak for a mouth.
You have claws for feet.
You can fly continuously.
You are partially covered in icy blue scales. (AC +2)
You are partially covered in slimy green scales. (AC +2)
You often lose your temper in combat.
You are dopey. (Int -2)
Your muscles are strong. (Str +2)
You are often teleported next to monsters.
Your spells are a little harder to cast, but a little more powerful.


Message History

(H) Hell (Z) Zot
Where to? (Enter - D:1 @ (x,y), ? - help) Magic restored.
HP restored.
Your skin is crawling a little less now.
Your skin stops crawling.
A hobgoblin comes into view.
You see here a club.
(D) Dungeon (T) Temple (L) Lair (A) Shoals (P) Snake Pit (M) Slime Pits (O) Orcish Mines (E) Elven Halls (V) Vaults (C) Crypt (W) Tomb (U) Depths (H) Hell (Z) Zot
Where to? (Enter - D:1 @ (x,y), ? - help)
There is a stone staircase leading up here.
You fly upwards.
There is a stone staircase leading down here.
There is an open door here.
There is an open door here.
There is a staircase leading out of the dungeon here.
You have escaped!

#.# #.#### # #.#
####.##.## # ###.###
#........# # #.....#
#.......## #
#.#.#.####.#...#.# #
#.#........##.##.######
#.###.#######.##...†...
#.###.## #.#########
#.....@# #.#
#####.#######.##### ###
#.........# #.###.###.#
#.# #.# #.##### #.###.#
#.#.... ## #.....#
#.#.### .#
####..##.###.#.### .#
#.................


There were no monsters in sight!

Vanquished Creatures
  A pandemonium lord (Depths:1)
  8 orbs of fire (Zot:5)
  3 ancient liches
  A juggernaut (Depths:3)
  Sojobo (Vaults:3)
  Bai Suzhen (Vaults:5)
  6 curse toes
  Xtahua (Vaults:3)
  4 Killer Klowns
  3 caustic shrikes
  Jory (Vaults:4)
  10 golden dragons
  Jorgrun (Snake:3)
  5 electric golems
  A Hell Sentinel (D:3)
  10 tentacled monstrosities
  Rupert (D:13)
  18 Orb Guardians
  6 titans
  3 deep elf blademasters
  8 liches
  2 deep elf master archers (Elf:3)
  7 quicksilver dragons
  2 krakens
  The ghost of nht the Executioner, an adept BaBe of Trog (Shoals:4)
  Polyphemus (Shoals:1)
  10 sphinxes
  12 death cobs
  2 ancient champions
  Gastronok (D:8)
  Agnes (Snake:3)
  7 tengu reavers
  7 shadow dragons
  8 storm dragons
  Ilsuiw (Shoals:4)
  Donald (Shoals:2)
  8 draconian monks
  10 fire giants
  2 iron dragons (Vaults:5)
  11 draconian knights
  3 revenants
  9 nagarajas
  8 frost giants
  Aizul (Crypt:1)
  8 deep elf sorcerers
  A caustic shrike zombie (Depths:1)
  2 ghost moths
  3 curse skulls
  The ghost of Hook the Fighter, a journeyman DsGl of Wu Jian (D:13)
  6 draconian scorchers
  10 draconian shifters
  6 deep elf elementalists
  28 vault wardens
  8 ghouls
  9 draconian stormcallers
  9 draconian annihilators
  A reaper (Crypt:2)
  9 ironheart preservers
  A caustic shrike skeleton (Depths:4)
  A spriggan defender (Depths:4)
  14 very ugly things
  3 war gargoyles
  11 green draconians
  16 stone giants
  6 vampire knights
  8 deep elf demonologists
  8 black draconians
  Nessos (D:13)
  A spectral titan (Crypt:3)
  3 dire elephants
  11 yellow draconians
  Azrael (D:13)
  15 white draconians
  16 purple draconians
  7 spark wasps
  9 red draconians
  6 deep elf annihilators
  A blizzard demon (D:10)
  7 merfolk javelineers (Shoals:4)
  Snorg (Lair:6)
  8 deep elf death magi
  9 eidola
  17 ettins
  A quicksilver dragon zombie (Depths:4)
  A pearl dragon zombie (Depths:5)
  A minotaur (Lab)
  A fire dragon (shapeshifter) (D:15)
  18 jiangshi
  14 merfolk impalers
  An ice dragon (shapeshifter) (Vaults:5)
  Josephine (Lair:6)
  13 yaktaur captains
  12 fire dragons
  9 great orbs of eyes
  Fannar (D:12)
  3 deep elf high priests
  13 ice dragons
  A spriggan air mage (Depths:4)
  A catoblepas (Shoals:2)
  A quicksilver dragon skeleton (Depths:1)
  21 naga warriors
  A merfolk avatar (Shoals:2)
  Erica (Lair:1)
  26 vault guards
  11 hydras
  6 rakshasas
  2 alligator snapping turtles (Shoals:3)
  14 anacondas
  9 centaur warriors
  9 merfolk aquamancers
  33 two-headed ogres
  6 death knights
  3 death yaks (Shoals:2)
  5 satyrs
  The ghost of Apogee the Black Sun, a novice DDNe of Kikubaaqudgha (D:9)
  11 ogre magi
  12 deep troll shamans
  3 tengu warriors
  15 deep troll earth magi
  5 vampire magi
  The ghost of joejoepie the Magician, a novice DsFE of Yredelemnul (D:11)
  33 naga sharpshooters
  21 dancing weapons
  A thrashing horror (Abyss:4)
  An orc high priest (Elf:2)
  7 shock serpents
  3 hell hogs
  6 spriggan berserkers
  Sonja (D:14)
  2 soul eaters
  2 hell knights
  15 deep elf knights
  3 sun demons
  8 iron trolls
  2 fire crabs (shapeshifter)
  A wretched star (Abyss:3)
  11 salamander mystics
  An unseen horror (D:12)
  33 skeletal warriors
  A sixfirhy (Depths:3)
  13 shadow wraiths
  9 flayed ghosts
  54 deep trolls
  A spark wasp zombie (Crypt:3)
  18 sea snakes
  2 storm dragon skeletons
  A spectral hydra (Crypt:3)
  27 phantasmal warriors
  2 anaconda zombies (Crypt:1)
  A spectral iron dragon (Crypt:3)
  12 deep elf archers
  5 glowing orange brains
  A shadow demon (Depths:1)
  9 naga ritualists
  21 harpies
  A tengu zombie (Depths:4)
  A kraken simulacrum (Shoals:4)
  2 starcursed masses (Abyss:3)
  10 ironbrand convokers
  8 necromancers
  13 orc knights
  A golden dragon skeleton (Crypt:2)
  A frost giant zombie (WizLab)
  A spectral ettin (Crypt:3)
  A spectral fire dragon (Crypt:3)
  16 mana vipers
  2 mana vipers (shapeshifter)
  A wolf spider zombie (D:15)
  16 fauns
  An orb spider (shapeshifter) (Depths:2)
  A wolf spider (shapeshifter) (Vaults:5)
  Pikel (D:7)
  45 ugly things
  A shining eye (shapeshifter) (Vaults:5)
  4 oklob plants
  63 deep elf magi
  5 wolf spiders
  A stone giant zombie (Crypt:1)
  9 wizards
  A faun (shapeshifter) (Vaults:3)
  4 orc sorcerers
  2 worldbinders
  22 manticores
  23 moths of wrath
  10 cyclopes
  10 large abominations
  A tengu skeleton (Vaults:3)
  An iron dragon skeleton (Crypt:1)
  18 salamanders
  12 merfolk sirens
  A moth of wrath (shapeshifter) (Depths:3)
  A fire giant skeleton (Vaults:3)
  3 stone giant skeletons
  38 black mambas
  6 water nymphs
  6 vault sentinels
  Joseph (Lair:1)
  An apis skeleton (Depths:5)
  A demonspawn zombie (WizLab)
  12 guardian serpents
  4 centaur skeletons
  A water nymph (shapeshifter) (Depths:1)
  4 smoke demons
  10 spiny frogs
  7 elephants
  An alligator snapping turtle zombie (Crypt:1)
  4 frost giant skeletons
  26 naga magi
  A gargoyle (D:14)
  An orange demon (Abyss:3)
  A hellion (Depths:3)
  3 efreet
  An iron troll zombie (Crypt:1)
  A death yak zombie (Crypt:1)
  2 rime drakes
  A rime drake (shapeshifter) (Vaults:4)
  2 ice devils
  12 freezing wraiths
  11 komodo dragons
  57 yaktaurs
  A yaktaur (shapeshifter) (Depths:4)
  An ancient zyme (Abyss:4)
  A kobold demonologist (D:15)
  A hellwing (Depths:3)
  A troll (shapeshifter) (Vaults:5)
  4 tengu conjurers
  11 guardian mummies
  20 trolls
  A polar bear (Lair:3)
  A queen bee (shapeshifter) (D:14)
  A yaktaur skeleton (Vaults:3)
  3 meliai (D:14)
  2 wind drakes
  Prince Ribbit (D:7)
  36 merfolk
  A raiju (shapeshifter) (Vaults:4)
  25 slime creatures
  A blink frog (shapeshifter) (Depths:3)
  2 meliai zombies
  A sphinx simulacrum (Vaults:1)
  2 fire dragon zombies
  16 blink frogs
  4 raiju (Abyss:3)
  A hornet (Depths:3)
  12 hippogriffs
  3 bog bodies (Crypt:2)
  An ice dragon zombie (Crypt:1)
  14 snapping turtles
  A stone giant simulacrum (Crypt:1)
  A hippogriff (shapeshifter) (Vaults:4)
  2 deep troll zombies
  14 dream sheep
  19 water elementals
  13 flying skulls
  4 redbacks
  An ice dragon skeleton (Depths:1)
  2 vampires
  32 yaks
  11 shadows
  2 ynoxinuls
  An ettin skeleton (Vaults:3)
  9 spriggans
  2 air elementals
  6 wyverns
  6 fire elementals
  16 wraiths
  A hog (shapeshifter) (Vaults:3)
  8 basilisks
  2 neqoxecs
  A golden eye (shapeshifter) (Abyss:4)
  7 hungry ghosts
  An elf zombie (Vaults:1)
  A harpy simulacrum (Crypt:1)
  A naga (shapeshifter) (D:9)
  An ogre zombie (Vaults:1)
  A soldier ant (D:13)
  A monstrous demonspawn zombie (Crypt:2)
  2 wargs
  3 acid dragons
  79 nagas
  7 hell hounds
  An infernal demonspawn zombie (Crypt:2)
  16 water moccasins
  8 porcupines
  Purgy (Sewer)
  A floating eye (shapeshifter) (Vaults:4)
  3 ice beasts
  24 orc warriors
  3 sky beasts
  An elephant zombie (Crypt:2)
  A fire dragon simulacrum (Crypt:1)
  5 necrophages (Crypt:2)
  A swamp drake (shapeshifter) (Depths:1)
  A snapping turtle zombie (Crypt:1)
  A hornet zombie (Vaults:1)
  2 eyes of draining
  6 phantoms
  4 black bears
  3 elf skeletons
  18 centaurs
  13 boggarts
  A tengu (shapeshifter) (Vaults:4)
  An ogre (shapeshifter) (D:14)
  43 ogres
  A swamp dragon skeleton (Crypt:3)
  A wolf (Snake:1)
  6 human skeletons
  13 crocodiles
  A salamander zombie (Crypt:3)
  A hog skeleton (Crypt:2)
  18 bullfrogs
  7 big kobolds
  A hippogriff zombie (Crypt:3)
  A bullfrog (shapeshifter) (Depths:2)
  A glowing shapeshifter simulacrum (Depths:4)
  3 earth elementals
  A scorpion (D:6)
  An elf simulacrum (Vaults:1)
  A snapping turtle simulacrum (Crypt:1)
  A spriggan zombie (Crypt:3)
  9 killer bees
  A spriggan skeleton (Crypt:1)
  4 wights (D:8)
  5 howler monkeys (D:7)
  5 electric eels
  7 crimson imps
  5 bullfrog zombies
  4 centaur zombies
  2 quasits (D:11)
  3 iron imps
  9 hounds
  13 jellies
  12 orc priests
  21 orc wizards
  A bullfrog skeleton (D:4)
  11 iguanas
  3 yak simulacra (Lair:2)
  11 worker ants
  3 polar bear simulacra (Lair:2)
  3 wolf simulacra (Lair:2)
  A killer bee zombie (D:5)
  18 small abominations
  2 hound zombies
  A hound skeleton (D:9)
  17 mummies
  A worker ant zombie (D:8)
  3 gnolls (D:3)
  A howler monkey skeleton (D:7)
  13 adders
  3 shadow imps
  2 ufetubi (Abyss:3)
  8 oozes
  3 adder zombies
  2 adder skeletons
  3 worms
  A barachi zombie (Crypt:3)
  A dart slug (D:3)
  5 leopard geckos
  68 orcs
  A bat zombie (Crypt:1)
  4 giant cockroaches
  11 goblins
  7 hobgoblins
  2 jackals (D:1)
  4 quokkas
  2 ball pythons (D:6)
  10 bats
  A dart slug zombie (Crypt:1)
  6 frilled lizards
  3 gnoll skeletons (Ossuary)
  2 goblin skeletons
  A hobgoblin skeleton (Crypt:2)
  A jackal zombie (D:6)
  42 kobolds
  3 kobold skeletons
  3 orc skeletons
  A quokka zombie (D:5)
  9 rats
  11 rat skeletons (Ossuary)
  2 river rat simulacra (Lair:2)
  A fungus (Lair:3)
  5 plants
  4 tentacles
2697 creatures vanquished.

Vanquished Creatures (collateral kills)
  Vashnia (Snake:3)
  A golden dragon (Depths:3)
  A profane servitor (Depths:5)
  3 liches
  3 tentacled monstrosities
  4 Orb Guardians (Zot:5)
  2 quicksilver dragons
  A titan (Vaults:5)
  A death cob (Zot:2)
  An Executioner (Depths:1)
  A storm dragon (Vaults:5)
  A shadow dragon (Vaults:5)
  A draconian monk (Zot:3)
  A fire giant (Depths:4)
  A frost giant (Vaults:5)
  A draconian knight (Zot:1)
  A vault warden (Vaults:5)
  A draconian shifter (Zot:4)
  3 ironheart preservers (Vaults:5)
  3 draconian annihilators
  A stone giant (Vaults:4)
  A very ugly thing (Depths:4)
  2 green draconians (Zot:4)
  2 white draconians
  3 yellow draconians
  A pearl dragon zombie (Depths:5)
  A purple draconian (Zot:2)
  2 eidola
  A red draconian (Zot:2)
  An ettin (Vaults:4)
  2 fire dragons (Depths:4)
  An ice dragon (Depths:5)
  A mummy priest (Crypt:3)
  3 yaktaur captains
  4 vault guards
  The ghost of Sapher the Cleaver, a novice DDGl of Makhleb (Orc:2)
  2 vampire magi
  2 hell hogs (Depths:5)
  4 two-headed ogres
  A deep troll earth mage (Depths:3)
  2 deep troll shamans
  A naga sharpshooter (Snake:4)
  A skeletal warrior (Crypt:3)
  A shadow wraith (Crypt:3)
  8 deep trolls
  An orc knight (Vaults:4)
  5 phantasmal warriors
  An ironbrand convoker (Vaults:4)
  A shadow dragon skeleton (Crypt:1)
  2 apis skeletons (Depths:5)
  3 vault sentinels
  4 moths of wrath
  A komodo dragon (shapeshifter) (Vaults:4)
  A freezing wraith (Crypt:3)
  3 yaktaurs
  A troll (Vaults:4)
  5 redbacks (Depths:5)
  A flying skull (Crypt:3)
  A shadow (Crypt:3)
  2 wraiths
  3 hungry ghosts (Crypt:3)
  A small abomination (Depths:1)
  4 hell hounds (Depths:1)
  An ogre (Vaults:5)
  A boggart (D:15)
123 creatures vanquished.

Vanquished Creatures (others)
  An ancient lich (Vaults:5)
  A storm dragon (Vaults:5)
  A frost giant (Depths:5)
  A fire giant (Depths:3)
  A draconian knight (Zot:1)
  A draconian scorcher (Zot:1)
  A ghost moth (Zot:2)
  A stone giant (Depths:1)
  A black draconian (Depths:5)
  A red draconian (Zot:2)
  A two-headed ogre (Orc:2)
  A deep troll earth mage (Depths:5)
  A spriggan berserker (Depths:4)
  A deep troll (Depths:3)
  A moth of wrath (Zot:5)
  A merfolk siren (Shoals:4)
  An apis skeleton (Depths:5)
  A black mamba (Snake:1)
  A yaktaur (Depths:5)
  4 merfolk (Shoals:4)
  A bog body (Crypt:2)
  A neqoxec (Abyss:3)
  A chaos spawn (Abyss:3)
  A small abomination (Abyss:3)
  A naga (Snake:4)
  A slave (D:7)
  An orc warrior (D:15)
  A centaur (Depths:3)
  A mummy (Ossuary)
  2 orcs
  4 jackals (D:7)
  5 fulminant prisms
  23 fungi
  56 plants
  14 starspawn tentacles
  14 tentacles
150 creatures vanquished.

Grand Total: 2970 creatures vanquished

Notes
Turn   | Place    | Note
-------+----------+-------------------------------------------
     0 | D:1      | nubinia the Tengu Conjurer began the quest for the Orb.
     0 | D:1      | Reached XP level 1. HP: 10/10 MP: 4/4
   244 | D:1      | Reached XP level 2. HP: 13/15 MP: 0/6
   496 | D:1      | Reached skill level 6 in Conjurations
  1087 | D:1      | Reached XP level 3. HP: 19/19 MP: 7/7
  1094 | D:1      | Learned a level 3 spell: Dazzling Spray
  1662 | D:2      | Found an ancient bone altar of Kikubaaqudgha.
  1665 | D:2      | Found a bloodstained altar of Trog.
  1809 | D:2      | Reached XP level 4. HP: 24/24 MP: 6/8
  3020 | D:3      | Learned a level 4 spell: Iskenderun's Mystic Blast
  3228 | D:3      | Reached skill level 1 in Short Blades
  3228 | D:3      | Gained mutation: You can fly. [Tengu growth]
  3228 | D:3      | Reached XP level 5. HP: 28/28 MP: 5/10
  3336 | D:3      | Gained mutation: You have supernaturally acute eyesight. (SInv) [potion of mutation]
  3336 | D:3      | Gained mutation: Your system is resistant to poisons. (rPois) [potion of mutation]
  3336 | D:3      | Gained mutation: You are dopey. (Int -2) [potion of mutation]
  3336 | D:3      | Lost mutation: You are dopey. (Int -2) [potion of mutation]
  3632 | D:3      | Found an ornate altar of the Wu Jian Council.
  4143 | D:3      | Found a stormy altar of Qazlal.
  4243 | D:4      | Reached skill level 1 in Fighting
  4255 | D:4      | Noticed a phantom
  4276 | D:4      | Noticed an ogre
  4297 | D:4      | Killed a phantom
  4297 | D:4      | Reached skill level 7 in Conjurations
  4297 | D:4      | Reached XP level 6. HP: 34/34 MP: 1/12
  5100 | D:4      | Found a shimmering altar of Xom.
  5112 | D:4      | Noticed a phantom
  5132 | D:4      | Killed a phantom
  5132 | D:4      | Reached XP level 7. HP: 29/38 MP: 14/14
  5206 | D:4      | Learned a level 4 spell: Force Lance
  5426 | D:4      | Reached skill level 8 in Conjurations
  5665 | D:5      | Entered Level 5 of the Dungeon
  5749 | D:5      | Reached skill level 1 in Translocations
  6057 | D:5      | Found a hide-covered altar of Uskayaw.
  6105 | D:5      | Reached XP level 8. HP: 43/43 MP: 16/16
  6288 | D:5      | Found a shattered altar of Ashenzari.
  6528 | D:6      | Found a staircase to the Ecumenical Temple.
  6545 | Temple   | Entered the Ecumenical Temple
  6567 | Temple   | Became a worshipper of Sif Muna the Loreminder
  6618 | D:6      | Found a glowing drain.
  6653 | Sewer    | Entered a sewer
  6722 | Sewer    | Noticed Purgy
  6780 | Sewer    | Killed Purgy
  6780 | Sewer    | Reached skill level 5 in Spellcasting
  6780 | Sewer    | Reached skill level 9 in Conjurations
  6989 | D:6      | Found a sacrificial altar of Ru.
  7339 | D:6      | You are sucked into a shaft!
  7339 | D:7      | Noticed Pikel
  7360 | D:7      | Killed Pikel
  7360 | D:7      | Reached skill level 10 in Conjurations
  7386 | D:7      | Reached XP level 9. HP: 34/48 MP: 18/18
  7422 | D:7      | Reached * piety under Sif Muna
  7445 | D:7      | Found a sand-covered staircase.
  7451 | Ossuary  | Entered an ossuary
  8143 | D:7      | Reached skill level 1 in Armour
  8249 | D:7      | Found a shimmering altar of Xom.
  8541 | D:8      | Noticed Prince Ribbit
  8673 | D:8      | Noticed a troll
  8682 | D:8      | Killed a troll
  8682 | D:8      | Reached skill level 5 in Short Blades
  8943 | D:8      | Found a staircase to the Lair.
  9248 | D:8      | Reached skill level 11 in Conjurations
  9318 | D:8      | Noticed Gastronok
  9502 | D:8      | Reached ** piety under Sif Muna
  9573 | D:8      | Found an iron altar of Okawaru.
  9707 | D:8      | Reached XP level 10. HP: 55/55 MP: 21/21
  9843 | Lair:1   | Entered Level 1 of the Lair of Beasts
  9843 | Lair:1   | Noticed Joseph
  9940 | Lair:1   | Killed Joseph
 10034 | Lair:1   | Noticed Erica
 10044 | Lair:1   | Killed Erica
 10044 | Lair:1   | Reached skill level 5 in Stealth
 10308 | Lair:1   | Reached skill level 1 in Hexes
 10333 | Lair:1   | Noticed a six-headed hydra
 10741 | Lair:1   | Killed a six-headed hydra
 10741 | Lair:1   | Reached *** piety under Sif Muna
 10741 | Lair:1   | Reached skill level 12 in Conjurations
 10957 | Lair:1   | Noticed a black mamba
 11007 | Lair:1   | Killed a black mamba
 11007 | Lair:1   | Reached XP level 11. HP: 60/60 MP: 23/24
 11502 | Lair:2   | Noticed a four-headed hydra
 11554 | Lair:2   | Identified a scroll of acquirement
 11555 | Lair:2   | Got a pitted hat
 11561 | Lair:2   | Identified the +2 hat of Bitterness {+Inv rF+ SInv} (You acquired it on level 2 of the Lair of Beasts)
 11591 | Lair:2   | Reached skill level 13 in Conjurations
 11591 | Lair:2   | Reached XP level 12. HP: 64/64 MP: 25/25
 11610 | Lair:2   | Reached **** piety under Sif Muna
 11752 | Lair:2   | Reached skill level 14 in Conjurations
 12042 | Lair:2   | Found a staircase to the Snake Pit.
 12151 | Lair:2   | Learned a level 4 spell: Fulminant Prism
 12276 | Lair:2   | Killed a four-headed hydra
 13055 | Lair:2   | Noticed a seven-headed hydra
 13102 | Lair:2   | Killed a seven-headed hydra
 13102 | Lair:2   | Reached ***** piety under Sif Muna
 13102 | Lair:2   | Identified Ynweat's Guide on Hurtful Sinister Rituals (Sif Muna gifted it to you on level 2 of the Lair of Beasts)
 13102 | Lair:2   | Received a gift from Sif Muna
 13904 | Lair:3   | Learned a level 6 spell: Deflect Missiles
 13994 | Lair:3   | Reached XP level 13. HP: 69/69 MP: 27/27
 14112 | Lair:2   | Reached skill level 5 in Dodging
 14203 | Lair:3   | Reached skill level 1 in Charms
 14206 | Lair:3   | Reached skill level 5 in Air Magic
 14589 | Lair:3   | Got an ancient battleaxe
 14590 | Lair:3   | Identified the +3 battleaxe of Eternal War {protect, rF+ MR+} (You found it on level 3 of the Lair of Beasts)
 15250 | Lair:4   | Reached skill level 10 in Spellcasting
 15773 | Lair:4   | Reached skill level 15 in Conjurations
 16055 | Lair:4   | Found a staircase to the Shoals.
 16813 | Lair:5   | Identified Sif Muna's Collected Works on Burning Battle Magic (Sif Muna gifted it to you on level 5 of the Lair of Beasts)
 16813 | Lair:5   | Received a gift from Sif Muna
 16820 | Lair:5   | Learned a level 4 spell: Sticky Flame
 17268 | Lair:6   | Entered Level 6 of the Lair of Beasts
 17340 | Lair:6   | Noticed Josephine
 17353 | Lair:6   | Killed Josephine
 17912 | Lair:6   | Noticed Snorg
 17931 | Lair:6   | Killed Snorg
 17931 | Lair:6   | Gained mutation: You can fly continuously. [Tengu growth]
 17931 | Lair:6   | Reached XP level 14. HP: 61/76 MP: 12/29
 18072 | Lair:6   | Reached skill level 1 in Fire Magic
 18256 | Lair:6   | Got a bound copper ring
 18257 | Lair:6   | Identified the ring "Rownic" {rPois rC+++ MR++ Str-2 Int+3} (You found it on level 6 of the Lair of Beasts)
 18698 | Lair:6   | Reached skill level 16 in Conjurations
 19070 | Lair:6   | Noticed a dire elephant
 19190 | Lair:6   | Noticed a dire elephant
 19190 | Lair:6   | Noticed a dire elephant
 19266 | Lair:6   | Noticed a dire elephant
 19395 | Lair:6   | Noticed a dire elephant
 19423 | Lair:6   | Killed a dire elephant
 19598 | Lair:6   | Identified Sif Muna's Compendium of Conjuration (Sif Muna gifted it to you on level 6 of the Lair of Beasts)
 19598 | Lair:6   | Received a gift from Sif Muna
 19908 | Lair:6   | Killed a dire elephant
 19999 | Lair:6   | Noticed a dire elephant
 20202 | D:9      | Noticed Apogee's ghost (novice DDNe)
 20553 | D:9      | Found a staircase to the Orcish Mines.
 20972 | D:9      | Killed Apogee's ghost
 21176 | Orc:1    | Entered Level 1 of the Orcish Mines
 21287 | Orc:2    | Entered Level 2 of the Orcish Mines
 21306 | Orc:2    | Found a staircase to the Elven Halls.
 21310 | Orc:2    | Noticed Sapher's ghost (novice DDGl)
 21334 | Orc:2    | Found a labyrinth entrance.
 21420 | Orc:2    | Learned a level 5 spell: Fireball
 21421 | Lab      | Entered a labyrinth
 22000 | Orc:2    | Killed Sapher's ghost
 22978 | Orc:2    | Identified Sif Muna's Collected Works on Vitriolic Attacks (Sif Muna gifted it to you on level 2 of the Orcish Mines)
 22978 | Orc:2    | Received a gift from Sif Muna
 22987 | Orc:2    | Learned a level 5 spell: Lightning Bolt
 23021 | Orc:2    | Reached XP level 15. HP: 75/80 MP: 13/30
 23163 | Orc:2    | Found Towaciz's Magic Scroll Emporium.
 23164 | Orc:2    | Found Damul's Antique Weapon Shoppe.
 23181 | Orc:2    | Reached skill level 5 in Fire Magic
 23232 | Orc:2    | Reached skill level 17 in Conjurations
 23604 | Orc:2    | Found Uschao's Antique Weapon Shop.
 23620 | Orc:2    | Found Nogrun's Magic Scroll Emporium.
 23633 | Orc:2    | Bought a scroll of summoning for 171 gold pieces
 24498 | D:8      | Killed Gastronok
 24773 | Shoals:1 | Entered Level 1 of the Shoals
 25864 | Shoals:1 | Found Syupun's Book Shop.
 26108 | Shoals:1 | Reached skill level 5 in Armour
 27082 | Orc:2    | Learned a level 2 spell: Throw Flame
 27466 | Shoals:1 | Reached skill level 10 in Air Magic
 27830 | Shoals:1 | Identified Sif Muna's Grimoire of Confrontation (Sif Muna gifted it to you on level 1 of the Shoals)
 27830 | Shoals:1 | Received a gift from Sif Muna
 28661 | Shoals:2 | Noticed Donald
 28684 | Shoals:2 | Killed Donald
 29113 | Shoals:2 | Noticed a kraken
 29135 | Shoals:2 | Killed a kraken
 29135 | Shoals:2 | Reached skill level 10 in Stealth
 29287 | Shoals:2 | Noticed Polyphemus
 29628 | Shoals:1 | Killed Polyphemus
 30154 | Shoals:2 | Reached XP level 16. HP: 86/86 MP: 32/32
 30495 | Shoals:2 | Reached skill level 18 in Conjurations
 32500 | Shoals:3 | Got a sparkling tin amulet
 32510 | Shoals:2 | Identified the amulet of Kaawk {Harm *Drain rN++ MR- MP+9} (You found it on level 3 of the Shoals)
 32828 | Shoals:3 | Identified Yrimaar's Papyrus of Enchanting Darkness (Sif Muna gifted it to you on level 3 of the Shoals)
 32828 | Shoals:3 | Received a gift from Sif Muna
 33701 | Snake:1  | Entered Level 1 of the Snake Pit
 34040 | Snake:1  | Reached skill level 5 in Fighting
 35256 | Snake:1  | Found Quhy's Antique Weapon Emporium.
 35258 | Snake:1  | Found Sistrypod's Food Shoppe.
 35258 | Snake:1  | Found Zaseoqeq's Assorted Antiques.
 35263 | Snake:1  | Found Puozxy's Armour Shoppe.
 35271 | Snake:1  | Bought a +2 pair of gloves of dexterity for 236 gold pieces
 35349 | Snake:1  | Found Ymuhuy's Armour Emporium.
 35520 | Snake:1  | Reached XP level 17. HP: 92/92 MP: 16/34
 35827 | Snake:1  | Upgraded the game from 0.20-a0-901-g27f6fa8 to 0.20-a0-903-g7e3609c
 35970 | Snake:2  | Reached skill level 19 in Conjurations
 35970 | Snake:2  | Reached skill level 5 in Charms
 36820 | Snake:2  | Learned a level 4 spell: Fulminant Prism
 37334 | Snake:2  | Got a pair of transparent gloves
 37335 | Snake:2  | Identified the +2 pair of gloves of Kohiohay {rF+ Stlth+} (You found it on level 2 of the Snake Pit)
 38704 | Snake:2  | Received a gift from Sif Muna
 38722 | Snake:2  | Learned a level 2 spell: Swiftness
 39223 | Snake:2  | Reached skill level 5 in Translocations
 40061 | Snake:2  | Reached skill level 10 in Fire Magic
 40858 | Snake:3  | Noticed Vashnia
 40903 | Snake:3  | Noticed Jorgrun
 40928 | Snake:3  | Killed Jorgrun
 41602 | Snake:3  | Killed Vashnia
 41605 | Snake:3  | Got an uncursed fine dagger {pierce}
 41606 | Snake:3  | Identified the +7 dagger of Mastery {pierce, +Inv} (You took it off Vashnia on level 3 of the Snake Pit)
 41793 | Snake:3  | Noticed Agnes
 41802 | Snake:3  | Killed Agnes
 42267 | Snake:3  | Reached XP level 18. HP: 96/96 MP: 16/35
 42309 | Snake:3  | Identified Zisiang's Compendium of the Dusty Voyage (Sif Muna gifted it to you on level 3 of the Snake Pit)
 42309 | Snake:3  | Received a gift from Sif Muna
 42426 | Snake:3  | Reached skill level 20 in Conjurations
 42591 | Snake:3  | Learned a level 1 spell: Apportation
 42755 | Snake:4  | Entered Level 4 of the Snake Pit
 43128 | Snake:4  | Found Ymekater's Antique Weapon Shop.
 43182 | Snake:4  | Reached skill level 5 in Shields
 44857 | Snake:4  | Found an ancient bone altar of Kikubaaqudgha.
 46734 | Snake:4  | Received a gift from Sif Muna
 48543 | Snake:4  | Reached XP level 19. HP: 101/101 MP: 14/37
 48791 | Snake:4  | Reached skill level 21 in Conjurations
 49813 | Snake:4  | Got a serpentine rune of Zot
 50075 | D:10     | Entered Level 10 of the Dungeon
 50728 | D:11     | Noticed joejoepie's ghost (novice DsFE)
 50801 | D:11     | Identified Sif Muna's Incunabulum of Conjuration (Sif Muna gifted it to you on level 11 of the Dungeon)
 50801 | D:11     | Received a gift from Sif Muna
 50807 | D:11     | Learned a level 3 spell: Mephitic Cloud
 50875 | D:11     | Killed joejoepie's ghost
 51537 | D:12     | Found a bloodstained altar of Trog.
 51550 | D:12     | Noticed Fannar
 51554 | D:12     | Killed Fannar
 52941 | D:13     | Noticed Nessos
 52954 | D:13     | Killed Nessos
 53150 | D:13     | Found Xoutar's Weapon Boutique.
 53153 | D:13     | Identified the +6 morningstar of a Thousand Places {antimagic, Int+5 Stlth+} (You found it on level 13 of the Dungeon)
 53160 | D:13     | Noticed Rupert
 53168 | D:13     | Killed Rupert
 53184 | D:13     | Noticed Sonja
 53184 | D:13     | Noticed Hook's ghost (journeyman DsGl)
 53203 | D:14     | Killed Sonja
 53231 | D:15     | Entered Level 15 of the Dungeon
 53472 | D:14     | Paralysed by a wizard for 6 turns
 53852 | D:13     | Reached skill level 10 in Short Blades
 53996 | D:13     | Noticed Azrael
 54014 | D:13     | Killed Azrael
 54209 | D:13     | Killed Hook's ghost
 54377 | D:13     | Identified the +5 cloak "Lobair" {rPois MR+ Regen+ MP+9} (You found it on level 13 of the Dungeon)
 54415 | D:12     | Lost mutation: You have supernaturally acute eyesight. (SInv) [potion of mutation]
 54415 | D:12     | Lost mutation: Your system is resistant to poisons. (rPois) [potion of mutation]
 54415 | D:12     | Gained mutation: You are dopey. (Int -2) [potion of mutation]
 54415 | D:12     | Gained mutation: You have a somewhat thin skeletal structure. (Dex +2, Stealth) [potion of mutation]
 54416 | D:12     | Lost mutation: You have a somewhat thin skeletal structure. (Dex +2, Stealth) [potion of mutation]
 54416 | D:12     | Lost mutation: You are dopey. (Int -2) [potion of mutation]
 54416 | D:12     | Gained mutation: You have a somewhat thin skeletal structure. (Dex +2, Stealth) [potion of mutation]
 54416 | D:12     | Gained mutation: You are partially covered in molten scales. (AC +2) [potion of mutation]
 54416 | D:12     | Gained mutation: You have a pair of small antennae on your head. [potion of mutation]
 54760 | D:13     | Identified the amulet "Halajued" {Fragile +Rage rPois rC+ Dex+2} (You acquired it on level 13 of the Dungeon)
 54838 | D:14     | Found an ancient bone altar of Kikubaaqudgha.
 54913 | D:14     | Found a gate to the Vaults.
 55058 | D:14     | Identified Sif Muna's Incunabulum of Ghastly Attacks (Sif Muna gifted it to you on level 14 of the Dungeon)
 55058 | D:14     | Received a gift from Sif Muna
 55064 | D:14     | Learned a level 3 spell: Regeneration
 55320 | Elf:1    | Entered Level 1 of the Elven Halls
 55368 | Elf:1    | Found a magical portal.
 55388 | WizLab   | Entered Doroklohe's Tomb
 55700 | WizLab   | Noticed an ancient lich
 55845 | Elf:1    | Reached skill level 15 in Air Magic
 56188 | Elf:1    | Cast into level 3 of the Abyss (a deep elf sorcerer)
 56909 | Abyss:3  | Noticed a bone dragon
 57256 | Abyss:4  | Gained mutation: You expend magic power (3 MP) to strengthen your wands. [a neqoxec]
 57257 | Abyss:4  | Gained mutation: You are weak. (Str -2) [a neqoxec]
 57272 | Abyss:4  | Reached XP level 20. HP: 108/108 MP: 13/38
 57366 | Abyss:5  | Entered Level 5 of the Abyss
 57430 | Elf:1    | Escaped the Abyss
 57501 | Elf:1    | Lost mutation: You have a pair of small antennae on your head. [potion of mutation]
 57501 | Elf:1    | Lost mutation: You expend magic power (3 MP) to strengthen your wands. [potion of mutation]
 57501 | Elf:1    | Lost mutation: You are weak. (Str -2) [potion of mutation]
 57501 | Elf:1    | Gained mutation: You evolve. [potion of mutation]
 57634 | Elf:1    | Identified the Catalogue of Creation
 57719 | Elf:1    | Identified the Almanac of Moulding and Weightlessness
 58416 | Elf:3    | Entered Level 3 of the Elven Halls
 58504 | Elf:3    | Found Dicemiro's Armour Emporium.
 58530 | Elf:3    | Found Nuorezi's Book Boutique.
 59084 | Elf:2    | Found a huge runed gate.
 59084 | Elf:2    | Found a huge runed gate.
 59084 | Elf:2    | Found a huge runed gate.
 59118 | Elf:2    | Found a huge runed gate.
 59119 | Elf:2    | Found a huge runed gate.
 59191 | Elf:3    | Identified Sif Muna's Almanac of the Arsonist (Sif Muna gifted it to you on level 3 of the Elven Halls)
 59191 | Elf:3    | Received a gift from Sif Muna
 59361 | Elf:3    | Reached skill level 22 in Conjurations
 59575 | Elf:3    | Got a dazzling scarf
 59576 | Elf:3    | Identified the cursed scarf of the Oligarchy {rElec rN++ Str-2 SInv} (You found it on level 3 of the Elven Halls)
 59660 | Elf:3    | Found Biec's Antique Weapon Shop.
 60288 | Elf:3    | Lost mutation: You are partially covered in molten scales. (AC +2) [evolution]
 60608 | Elf:3    | Got a slimy sapphire amulet
 60629 | Elf:3    | Identified the Grimoire of Gliding Shape Shifting
 60738 | Elf:3    | Identified the amulet "Naphama" {Reflect Str+4 SH+2} (You took it off a deep elf demonologist on level 3 of the Elven Halls)
 60739 | Elf:3    | Identified the +4 scale mail of Capeugo {Dex+4} (You took it off a deep elf master archer on level 3 of the Elven Halls)
 60766 | Elf:3    | Identified the Reference Book on Congealing Creation
 60772 | Elf:3    | Learned a level 3 spell: Ozocubu's Armour
 60818 | Elf:3    | Identified the +6 whip of the Firefly {slash, +Blink Str+2} (You took it off a deep elf elementalist on level 3 of the Elven Halls)
 61426 | Elf:2    | Reached XP level 21. HP: 60/121 MP: 27/40
 61544 | Elf:2    | Reached skill level 10 in Fighting
 62803 | Shoals:4 | Entered Level 4 of the Shoals
 63102 | Shoals:4 | Noticed nht's ghost (adept BaBe)
 63112 | Shoals:4 | Noticed Ilsuiw
 63837 | Shoals:4 | Identified the cursed +0 leather armour "Fooddiss" {Str+3} (You found it on level 4 of the Shoals)
 63915 | Shoals:4 | Killed nht's ghost
 64072 | Shoals:4 | Identified Sif Muna's Catalogue of Sinister Transmigration (Sif Muna gifted it to you on level 4 of the Shoals)
 64072 | Shoals:4 | Received a gift from Sif Muna
 64656 | Shoals:4 | Reached skill level 10 in Armour
 64702 | Shoals:4 | Got a barnacled rune of Zot
 64750 | Shoals:4 | Killed Ilsuiw
 65655 | Vaults:1 | Entered Level 1 of the Vaults
 65704 | Vaults:1 | Found Xaco's Distillery.
 66758 | Vaults:1 | Reached skill level 15 in Armour
 66888 | Vaults:1 | Reached XP level 22. HP: 136/136 MP: 41/41
 67284 | D:8      | Learned a level 5 spell: Iskenderun's Battlesphere
 67398 | Lair:5   | Found a staircase to the Slime Pits.
 67550 | D:7      | Killed Prince Ribbit
 68284 | Vaults:2 | Gained mutation: Your muscles are strong. (Str +2) [evolution]
 68319 | Vaults:2 | Reached ****** piety under Sif Muna
 68967 | Vaults:2 | Received a gift from Sif Muna
 69638 | Vaults:3 | Noticed Sojobo
 69654 | Vaults:3 | Found a portal to a secret trove of treasure.
 70161 | Vaults:3 | Found Zuigal's Assorted Antiques.
 70218 | Vaults:3 | Bought 2 scrolls of blinking for 570 gold pieces
 70219 | Vaults:3 | Bought 3 scrolls of identify for 228 gold pieces
 70386 | Vaults:3 | Killed Sojobo
 70554 | Vaults:3 | Noticed Xtahua
 70635 | Vaults:3 | Killed Xtahua
 70655 | Vaults:3 | Reached skill level 23 in Conjurations
 70919 | Vaults:3 | Found a staircase to the Crypt.
 71329 | Vaults:3 | Upgraded the game from 0.20-a0-903-g7e3609c to 0.20-a0-909-g1a4ba80
 71395 | Crypt:1  | Entered Level 1 of the Crypt
 71648 | Vaults:3 | Identified Sif Muna's Guide on Torrid Attacks (Sif Muna gifted it to you on level 3 of the Vaults)
 71648 | Vaults:3 | Received a gift from Sif Muna
 72022 | Crypt:1  | Reached XP level 23. HP: 142/142 MP: 42/42
 72313 | Vaults:3 | Learned a level 3 spell: Conjure Flame
 72407 | Crypt:1  | Noticed Aizul
 72426 | Crypt:1  | Killed Aizul
 73663 | Crypt:2  | Reached skill level 15 in Fire Magic
 74049 | Crypt:2  | Noticed Mennas
 74544 | Crypt:1  | Upgraded the game from 0.20-a0-909-g1a4ba80 to 0.20-a0-910-gb611367
 74984 | Crypt:2  | Identified Befeomao's Papyrus of Feathery Dark Secrets (Sif Muna gifted it to you on level 2 of the Crypt)
 74984 | Crypt:2  | Received a gift from Sif Muna
 75345 | Orc:2    | Bought 2 scrolls of amnesia for 84 gold pieces
 75351 | Orc:2    | Learned a level 4 spell: Airstrike
 75357 | Orc:2    | Learned a level 4 spell: Summon Lightning Spire
 75856 | Crypt:3  | Entered Level 3 of the Crypt
 76375 | Crypt:3  | Found a staircase to the Tomb.
 76399 | Crypt:3  | Gained mutation: You occasionally shout uncontrollably at your foes. [evolution]
 76916 | Crypt:3  | Reached skill level 10 in Dodging
 77119 | Crypt:3  | Found a basalt altar of Yredelemnul.
 77236 | Crypt:3  | Reached skill level 15 in Spellcasting
 77416 | Crypt:3  | HP: 3/142 [spectral five-headed hydra (10)]
 77777 | Crypt:2  | Reached skill level 24 in Conjurations
 78595 | Crypt:3  | Received a gift from Sif Muna
 78602 | Crypt:3  | Learned a level 2 spell: Blink
 79206 | Crypt:2  | Reached XP level 24. HP: 131/148 MP: 20/43
 79799 | Crypt:3  | Got a brightly glowing bone ring
 79800 | Crypt:3  | Identified the ring "Xebba" {rC+ rN+} (You took it off a vampire knight on level 3 of the Crypt)
 80212 | Crypt:3  | Got a crude bone ring
 80212 | Crypt:3  | Got a sparkling steel ring
 80212 | Crypt:3  | Got a coiled brass ring
 80213 | Crypt:3  | Identified the ring "Onas" {rN+ Str-3 Dex+8} (You found it on level 3 of the Crypt)
 80214 | Crypt:3  | Identified the ring of Secwepuc {rN+ Dex+4} (You found it on level 3 of the Crypt)
 80215 | Crypt:3  | Identified the ring "Ypruoko" {*Drain +Fly rN+ Slay+6} (You found it on level 3 of the Crypt)
 80223 | Crypt:3  | Identified the +11 flail of Fortitude {holy, Dex+2} (You found it on level 3 of the Crypt)
 80465 | Crypt:3  | Reached skill level 1 in Ice Magic
 80465 | Crypt:3  | Reached XP level 25. HP: 142/152 MP: 43/43
 81223 | Vaults:4 | Received a gift from Sif Muna
 81524 | Vaults:4 | Found Ecel Lyu's Magic Scroll Boutique.
 81535 | Vaults:4 | Noticed Jory
 81571 | Vaults:4 | Killed Jory
 83206 | Vaults:4 | Identified Sif Muna's Handbook of Earth and Creation (Sif Muna gifted it to you on level 4 of the Vaults)
 83206 | Vaults:4 | Received a gift from Sif Muna
 83725 | D:15     | Found an opulent altar of Gozag.
 84705 | D:15     | Found a staircase to the Depths.
 84888 | Depths:1 | Entered Level 1 of the Depths
 85031 | D:15     | Reached skill level 25 in Conjurations
 85500 | Depths:1 | Found a gateway to Hell.
 85603 | Depths:1 | Lost mutation: Your muscles are strong. (Str +2) [evolution]
 85857 | Depths:1 | Learned a level 5 spell: Bolt of Draining
 85935 | Depths:1 | Received a gift from Sif Muna
 86515 | Depths:1 | Reached XP level 26. HP: 145/159 MP: 6/44
 86880 | Depths:2 | Reached skill level 1 in Necromancy
 87948 | Vaults:3 | You paid a toll of a +6 demon whip to enter a treasure trove
 87949 | Trove    | Entered a treasure trove
 87959 | Trove    | Got a fine bronze ring
 87963 | Trove    | Got a scorched jade ring
 87969 | Trove    | Got a crude bone amulet
 87971 | Trove    | Got a sparkling zirconium amulet
 87979 | Trove    | Got a vibrating wooden ring
 87981 | Trove    | Got a slimy lead ring
 87998 | Vaults:3 | Identified the ring "Zifajapt" {Str+5 Int+4 Dex+2 Slay-4} (You found it in a treasure trove)
 88000 | Vaults:3 | Identified the ring "Appocsyafo" {*Corrode rN+++ Str+3 Int+2} (You found it in a treasure trove)
 88022 | Vaults:3 | Identified the amulet "Meotam" {Faith Dex+4} (You found it in a treasure trove)
 88024 | Vaults:3 | Identified the amulet "Ucoesasm" {Faith +Inv} (You found it in a treasure trove)
 88101 | Vaults:3 | Bought a scroll of identify for 76 gold pieces
 88101 | Vaults:3 | Bought a scroll of identify for 76 gold pieces
 88101 | Vaults:3 | Identified the ring "Ynyenu" {rElec rF+ rC+} (You found it in a treasure trove)
 88102 | Vaults:3 | Identified the ring "Fuetsucw" {Str+4 Dex+2} (You found it in a treasure trove)
 88105 | Vaults:3 | Upgraded the game from 0.20-a0-910-gb611367 to 0.20-a0-920-gb18bc0f
 89215 | Depths:2 | Found a gateway to a ziggurat.
 89227 | Depths:2 | Found Buocoecu's General Store.
 89282 | Depths:2 | Bought a potion of heal wounds for 70 gold pieces
 90302 | Depths:3 | Identified Ryves's Papyrus of Untold Secrets (Sif Muna gifted it to you on level 3 of the Depths)
 90302 | Depths:3 | Received a gift from Sif Muna
 90677 | Depths:3 | Found a one-way gate leading to the halls of Pandemonium.
 90772 | Depths:3 | Noticed a juggernaut
 92629 | Depths:3 | Identified Ahirhele's Guide on Destructive Flight (Sif Muna gifted it to you on level 3 of the Depths)
 92629 | Depths:3 | Received a gift from Sif Muna
 92807 | Depths:3 | Killed a juggernaut
 92823 | Depths:3 | Reached XP level 27. HP: 113/164 MP: 6/44
 93739 | Depths:3 | Reached skill level 26 in Conjurations
 95271 | Depths:4 | Identified Sif Muna's Almanac of the Lucky Volcanoes (Sif Muna gifted it to you on level 4 of the Depths)
 95271 | Depths:4 | Received a gift from Sif Muna
 96054 | Depths:4 | Identified the +4 scale mail of Generosity {rF+ Str+2 Int+3 Stlth+} (You found it on level 4 of the Depths)
 96408 | Crypt:1  | Identified the cursed +0 scale mail of Pujefoxa {rElec Str+3 Stlth-} (You found it on level 1 of the Crypt)
 96835 | Elf:3    | Identified the +7 scale mail of Odeinyasm {MR+ Int+2} (You found it on level 3 of the Elven Halls)
 97170 | Depths:4 | Found a one-way gate to the infinite horrors of the Abyss.
 97541 | Depths:5 | Entered Level 5 of the Depths
 98479 | Depths:5 | Found a gate to the Realm of Zot.
 98533 | Depths:5 | Identified Sif Muna's Handbook of Self-Knowledge and Weightlessness (Sif Muna gifted it to you on level 5 of the Depths)
 98533 | Depths:5 | Received a gift from Sif Muna
 98808 | D:14     | Lost mutation: You occasionally shout uncontrollably at your foes. [potion of mutation]
 98808 | D:14     | Lost mutation: You evolve. [potion of mutation]
 98808 | D:14     | Lost mutation: You have a somewhat thin skeletal structure. (Dex +2, Stealth) [potion of mutation]
 98808 | D:14     | Gained mutation: You are agile. (Dex +2) [potion of mutation]
 98808 | D:14     | Gained mutation: Your body sometimes deteriorates upon taking damage. [potion of mutation]
 98808 | D:14     | Gained mutation: You have a somewhat thin skeletal structure. (Dex +2, Stealth) [potion of mutation]
 98808 | D:14     | Gained mutation: Your flesh is heat resistant. (rF+) [potion of mutation]
 98859 | Vaults:2 | Lost mutation: Your body sometimes deteriorates upon taking damage. [potion of mutation]
 98859 | Vaults:2 | Lost mutation: Your flesh is heat resistant. (rF+) [potion of mutation]
 98859 | Vaults:2 | Lost mutation: You are agile. (Dex +2) [potion of mutation]
 98859 | Vaults:2 | Lost mutation: You have a somewhat thin skeletal structure. (Dex +2, Stealth) [potion of mutation]
 98859 | Vaults:2 | Gained mutation: Your spells are a little harder to cast, but a little more powerful. [potion of mutation]
 98859 | Vaults:2 | Gained mutation: You are partially covered in icy blue scales. (AC +2) [potion of mutation]
 98859 | Vaults:2 | Gained mutation: You passively map a small area around you. [potion of mutation]
 99015 | Vaults:5 | Entered Level 5 of the Vaults
 99015 | Vaults:5 | Noticed an ancient lich
 99513 | Elf:3    | Bought a book of Necromancy for 450 gold pieces
 99515 | Elf:3    | Learned a level 1 spell: Animate Skeleton
100112 | Vaults:4 | Upgraded the game from 0.20-a0-920-gb18bc0f to 0.20-a0-923-g548304e
100270 | Vaults:3 | Killed an ancient lich
100470 | Vaults:4 | Learned a level 3 spell: Regeneration
100792 | Vaults:5 | Identified the Guide on Gliding Companions
100863 | Vaults:5 | Noticed Bai Suzhen
100889 | Vaults:5 | Killed Bai Suzhen
100976 | Vaults:5 | Identified Cymiubb's Papyrus of Reason (Sif Muna gifted it to you on level 5 of the Vaults)
100976 | Vaults:5 | Received a gift from Sif Muna
101020 | Vaults:5 | Noticed an ancient lich
101473 | Vaults:5 | Identified the Tome of Companions
101479 | Vaults:5 | Learned a level 3 spell: Recall
101485 | Vaults:5 | Got a silver rune of Zot
101689 | Vaults:5 | Got a scorched wooden ring
101759 | Vaults:5 | Killed an ancient lich
101759 | Vaults:5 | Received a gift from Sif Muna
101759 | Vaults:5 | Reached skill level 27 in Conjurations
102128 | Vaults:5 | Noticed an ancient lich
102137 | Vaults:5 | Killed an ancient lich
102594 | Vaults:5 | Identified the ring of Bobueh {+Fly rPois rN++ Dex-2 Stlth-} (You took it off a deep elf mage on level 5 of the Vaults)
103540 | Zot:1    | Entered Level 1 of the Realm of Zot
103751 | Depths:5 | Reached skill level 10 in Shields
103838 | Depths:5 | Identified Halys's Tome of Combat Magic (Sif Muna gifted it to you on level 5 of the Depths)
103838 | Depths:5 | Received a gift from Sif Muna
103953 | Depths:5 | Found a basalt altar of Yredelemnul.
104083 | Depths:5 | Found Jogoschucw's Food Emporium.
105865 | Zot:1    | Identified Sif Muna's Handbook of Burning Confrontation (Sif Muna gifted it to you on level 1 of the Realm of Zot)
105865 | Zot:1    | Received a gift from Sif Muna
106390 | Zot:2    | Reached skill level 15 in Fighting
107075 | Zot:2    | Reached skill level 5 in Necromancy
107152 | Zot:2    | Noticed an orb of fire
107354 | Zot:2    | Received a gift from Sif Muna
107369 | Zot:2    | Learned a level 6 spell: Freezing Cloud
109823 | Zot:4    | Identified Sif Muna's Incunabulum of Attacks (Sif Muna gifted it to you on level 4 of the Realm of Zot)
109823 | Zot:4    | Received a gift from Sif Muna
111013 | Zot:5    | Entered Level 5 of the Realm of Zot
111769 | Zot:4    | Upgraded the game from 0.20-a0-923-g548304e to 0.20-a0-924-gfa95efa
112292 | Zot:5    | Identified Sif Muna's Catalogue of Ashen Combat Magic (Sif Muna gifted it to you on level 5 of the Realm of Zot)
112292 | Zot:5    | Received a gift from Sif Muna
112580 | Zot:5    | Noticed an orb of fire
112589 | Zot:5    | Gained mutation: Your magical capacity is low. (-10% MP) [an orb of fire]
112590 | Zot:5    | Killed an orb of fire
112781 | Zot:5    | Noticed an ancient lich
112791 | Zot:5    | Killed an ancient lich
113302 | Zot:5    | Noticed an orb of fire
113337 | Zot:5    | Noticed an orb of fire
113361 | Zot:5    | Noticed an orb of fire
113378 | Zot:5    | Noticed an orb of fire
113379 | Zot:5    | Gained mutation: You are occasionally teleported next to monsters. [an orb of fire]
113383 | Zot:5    | Gained mutation: Armour fits poorly on your strangely shaped body. [an orb of fire]
113385 | Zot:5    | Gained mutation: You tend to lose your temper in combat. [an orb of fire]
113393 | Zot:5    | Noticed an orb of fire
113995 | Vaults:4 | Lost mutation: Your magical capacity is low. (-10% MP) [potion of mutation]
113995 | Vaults:4 | Lost mutation: You are occasionally teleported next to monsters. [potion of mutation]
113995 | Vaults:4 | Lost mutation: You passively map a small area around you. [potion of mutation]
113995 | Vaults:4 | Gained mutation: You are surrounded by a mild repulsion field. (EV +2) [potion of mutation]
113995 | Vaults:4 | Gained mutation: You occasionally shout uncontrollably at your foes. [potion of mutation]
113995 | Vaults:4 | Gained mutation: You are agile. (Dex +2) [potion of mutation]
114572 | D:7      | Found a shimmering altar of Xom.
115427 | Zot:5    | Noticed an orb of fire
115434 | Zot:5    | Killed an orb of fire
115753 | Zot:5    | Noticed an orb of fire
115767 | Zot:5    | Killed an orb of fire
115767 | Zot:5    | Identified Heif's Collected Works on Confrontation and Malediction (Sif Muna gifted it to you on level 5 of the Realm of Zot)
115767 | Zot:5    | Received a gift from Sif Muna
115796 | Zot:5    | Noticed an orb of fire
115801 | Zot:5    | Gained mutation: You are weak. (Str -2) [an orb of fire]
115808 | Zot:5    | Killed an orb of fire
115829 | Zot:5    | Gained mutation: You are occasionally teleported next to monsters. [an orb of fire]
115831 | Zot:5    | Gained mutation: Scrolls take you a little longer to read. [an orb of fire]
115833 | Zot:5    | Killed an orb of fire
115915 | Zot:4    | Lost mutation: You are weak. (Str -2) [potion of mutation]
115915 | Zot:4    | Lost mutation: You occasionally shout uncontrollably at your foes. [potion of mutation]
115915 | Zot:4    | Lost mutation: You are surrounded by a mild repulsion field. (EV +2) [potion of mutation]
115915 | Zot:4    | Lost mutation: You are agile. (Dex +2) [potion of mutation]
115915 | Zot:4    | Gained mutation: You are dopey. (Int -2) [potion of mutation]
115915 | Zot:4    | Gained mutation: You are partially covered in iridescent scales. (AC +2) [potion of mutation]
115915 | Zot:4    | Gained mutation: You are partially covered in slimy green scales. (AC +2) [potion of mutation]
116015 | Zot:5    | Gained mutation: You are frail. (-10% HP) [an orb of fire]
116024 | Zot:5    | Noticed an orb of fire
116024 | Zot:5    | Killed an orb of fire
116024 | Zot:5    | Gained mutation: You occasionally shout uncontrollably at your foes. [an orb of fire]
116247 | Zot:5    | Gained mutation: You are clumsy. (Dex -2) [an orb of fire]
116254 | Zot:5    | Killed an orb of fire
116714 | Zot:5    | Received a gift from Sif Muna
116836 | Zot:5    | Gained mutation: Your body sometimes deteriorates upon taking damage. [an orb of fire]
116840 | Zot:5    | Gained mutation: You are sometimes teleported next to monsters. [an orb of fire]
116843 | Zot:5    | Lost mutation: Your body sometimes deteriorates upon taking damage. [potion of mutation]
116843 | Zot:5    | Lost mutation: You are clumsy. (Dex -2) [potion of mutation]
116843 | Zot:5    | Gained mutation: You have a pair of small antennae on your head. [potion of mutation]
116844 | Zot:5    | Lost mutation: You are frail. (-10% HP) [potion of mutation]
116844 | Zot:5    | Lost mutation: Armour fits poorly on your strangely shaped body. [potion of mutation]
116844 | Zot:5    | Lost mutation: You occasionally shout uncontrollably at your foes. [potion of mutation]
116844 | Zot:5    | Lost mutation: You are partially covered in iridescent scales. (AC +2) [potion of mutation]
116844 | Zot:5    | Lost mutation: You have a pair of small antennae on your head. [potion of mutation]
116844 | Zot:5    | Lost mutation: Scrolls take you a little longer to read. [potion of mutation]
116844 | Zot:5    | Gained mutation: You are often teleported next to monsters. [potion of mutation]
116844 | Zot:5    | Gained mutation: Your muscles are strong. (Str +2) [potion of mutation]
116869 | Zot:5    | Gained mutation: You often lose your temper in combat. [an orb of fire]
116876 | Zot:5    | Killed an orb of fire
117087 | Zot:5    | Got the Orb of Zot
117293 | Depths:1 | Noticed Poteguf the pandemonium lord
117305 | Depths:1 | Killed Poteguf the pandemonium lord
117715 | D:$      | Escaped with the Orb!

Vault maps used:
D:1:      saegor_arrival_simple_a
D:2:      nicolae_overflow_hidden_temple, serial_co_window_serial,
          co_window_paths_b, co_window_corner_a, co_window_paths_a,
          co_window_paths_b, co_window_paths_a, co_window_corner_b,
          co_window_unsneaky_path_c, co_window_broadway_b,
          co_window_of_opportunity_b, co_window_corner_cb,
          co_window_unsneaky_path_b, co_window_4corner_b, glass_columns_b,
          glass_columns_a, glass_columns_b, glass_columns_b
D:3:      marbit_many_paths, overflow_temple_1_default, minmay_misc_feat_tiny
D:4:      first_bread, brannock_xom_greatest_gift
D:5:      cheibrodos_quashed, lemuel_round_altar, nicolae_ashenzari_panopticon
D:6:      nicolae_ru_awakened_eye, minmay_temple_entry_large_hall,
          portal_sewer_entry_a
D:7:      old_standard_altar, nicolae_ossuary_entry_plus, st_stairs_11,
          uniq_pikel
D:8:      lemuel_doored_altar, minmay_lair_entry_lava, uniq_prince_ribbit1,
          uniq_gastronok
D:9:      orc_david_3
D:12:     kb_forest_paths, serial_co_window_serial, co_window_of_opportunity_a,
          co_window_corner_a, co_window_corner_a, co_window_corner_a,
          co_window_paths_a, co_window_broadway_a, co_window_broadway_b,
          co_window_paths_c, co_window_broadway_a, co_window_unsneaky_path_d,
          glass_columns_b, glass_columns_b, glass_columns_c, glass_columns_b,
          glass_columns_a, trog_wizard, uniq_fannar
D:13:     serial_shops, shop, hangedman_little_slice_of_home, uniq_rupert,
          uniq_azrael, uniq_nessos, uniq_sonja
D:14:     david_vaults_1, basic_altar, st_stairs_10
D:15:     hangedman_depths_entry_try_elsewhere_first,
          nicolae_gozag_cash_rules_everything_around_me
Temple:   minmay_temple_forest_path
Lair:1:   grunt_megastairs_5, serial_bayou_shore_a, serial_bayou_shore_b,
          uniq_erica, uniq_joseph
Lair:2:   beast_lair_carwin_large_3, minmay_snake_entry_guardpost_large,
          eino_house_with_fridge, infiniplex_staircase_pool
Lair:3:   minivault_23, minmay_lair_oklob_items, disabler_island,
          serial_bayou_shore_b, serial_bayou_shore_b, lemuel_fruit_fields
Lair:4:   minmay_shoals_entry_lonely_mermaid, grunt_megastairs_4
Lair:5:   minmay_slime_entry_oklob_enclosed, grunt_megastairs_3
Lair:6:   due_jungle_book, infiniplex_staircase_pool_2, uniq_snorg,
          uniq_josephine
Shoals:1: serial_shops, shop_statue
Shoals:2: nicolae_shoals_kraken_intersection, uniq_polyphemus, uniq_donald
Shoals:4: shoals_end_grunt_ice, shoal_ilsuiw
Snake:1:  cheibrodos_snake_ritualist_ritual, serial_corexii_hall,
          corexii_hall_statues_i, corexii_hall_statues_u, serial_shops,
          shop_statue, nicolae_coiled_stairwell_down, minmay_shoptagon
Snake:2:  cheibrodos_snake_lava_hold, st_stairs_11
Snake:3:  uniq_jorgrun, uniq_agnes, uniq_vashnia
Snake:4:  johnstein_snake_rune_scales, serial_shops, shop, basic_altar
Orc:2:    st_orc_open, lab_entry_generic, lightli_orcish_oven
Elf:1:    eino_elf_arrival_shootout, infiniplex_enter_wizlab_water,
          minmay_elf_demonology, st_stairs_5, solitary_fountain
Elf:2:    kb_rosetta
Elf:3:    grunt_elf_hall_spiral, serial_shops, shop, shop, nicolae_shop_crystal,
          laboratory
Vaults:1: nicolae_vaults_circle_grid_b, v_misc_32, hangedman_vaults_stitches,
          hangedman_vaults_slice, grunt_vaults_twisty, v_pattern_1,
          grunt_vaults_bifocal, vaults_mumra_minichess, ontoclasm_vaults_bender,
          nicolae_vaults_halls_meeting, vaults_room_stairs_pillars,
          serial_shops, shop
Vaults:2: v_misc_30, vaults_dpeg_encased_lava, nicolae_vaults_network_periphery,
          hangedman_vaults_corner_blocks, v_misc_27, v_alt_pattern_1, v_misc_5,
          grunt_vaults_focal
Vaults:3: nicolae_vaults_angled_halls, ontoclasm_vaults_decontamination,
          ontoclasm_vaults_idyll, ontoclasm_vaults_gateway,
          minmay_crypt_entry_skeletal_spiral, vaults_room_large_hall,
          hangedman_vaults_unwind, nicolae_vaults_border_crossing,
          grunt_vaults_diagonal, vaults_room_pool, vaults_room_fancy_cross,
          vaults_dpeg_diagonal, vaults_room_stairs_pillars, serial_shops,
          nicolae_shop_statue_plus, nicolae_trove_entry_free_sample,
          uniq_sojobo, uniq_xtahua
Vaults:4: v_misc_14, v_alt_pattern_1, hangedman_vaults_slice,
          hangedman_vaults_variations, st_lattice,
          nicolae_vaults_little_squares_1, grunt_vaults_trifunnel, v_misc_29,
          nicolae_vaults_alarming, nicolae_vaults_rhombus_5,
          vaults_room_corners, serial_shops, shop_fountains, uniq_jory
Vaults:5: uniq_bai_suzhen
Crypt:1:  st_burial_chamber, grunt_crypt_arrival_guarded_gate, uniq_aizul
Crypt:2:  uniq_mennas
Crypt:3:  church_of_pain_bobbens, serial_sigils_hangedman_snap, st_stairs_6
Depths:1: serial_co_window_serial, co_window_of_opportunity_a,
          co_window_corner_a, co_window_corner_a, co_window_corner_a,
          co_window_paths_a, co_window_paths_a, co_window_corner_a,
          co_window_broadway_c, co_window_unsneaky_path_c,
          co_window_unsneaky_path_c, co_window_unsneaky_path_c,
          co_window_of_opportunity_b, co_window_broadway_b, co_window_corner_ca,
          grunt_decor_cap, grunt_hell_horde, grunt_decor_resistance,
          kennysheep_generic_room_9
Depths:2: minmay_ornate_pinched, enter_ziggurat_a, serial_shops, shop,
          grunt_hell_entry_dis_mu
Depths:3: minmay_central_circle, rand_demon_pan_entry_1,
          pf_hell_entry_great_geh, lemuel_flame_loot_1
Depths:4: wad_pebble_path, hangedman_abyss_entry_splay, hell_entry
Depths:5: grunt_twist_and_shout, serial_shops, shop, hell_entry, spider_trap,
          hangedman_blasphemy
Zot:2:    kennysheep_blocky_hall
Zot:4:    st_single_dragon_hoard_1, grunt_ministairs_8
Abyss:3:  evilmike_abyss_rune_elephants_shrine, evilmike_abyss_exit_16
Abyss:5:  evilmike_abyss_exit_11, minivault_19, due_exit_kobolds,
          dshaligram_kb_abyss_rune_zappy_water_cross
Lab:      labyrinth_watery, labyrinth_glass_1, labyrinth_fake_exit, lab_hedge,
          lab_block, nicolae_lab_big_swirl, nicolae_lab_very_dead_end,
          nicolae_lab_stuck, nicolae_lab_plus, nicolae_lab_hexagon,
          nicolae_lab_starburst, nicolae_lab_statue, nicolae_lab_dead_end,
          nicolae_lab_quarters, nicolae_lab_t_cross, labyrinth_skeletal_remains,
          nicolae_lab_flowing_pool, nicolae_lab_swirl, labyrinth_lava_lair,
          nicolae_lab_grate, nicolae_lab_checkerboard, nicolae_lab_arrow,
          nicolae_lab_grate_2
Trove:    trove_jewel_1
Sewer:    sewer_big_baddie
Ossuary:  ossuary_due_small_catacomb
WizLab:   wizlab_doroklohe

Skill      XL: |  1  2  3  4  5  6  7  8  9 10 11 12 13 14 15 16 17 18 19 20 21 22 23 24 25 26 27 |
---------------+----------------------------------------------------------------------------------+-----
Conjurations   | 6 7 8 10 11 12 13 14 15 16 17 18 19 20 21 22 23 24 25 27 | 27.0
Short Blades   | 1 2 3 5 6 7 8 9 10 11 12 13 | 13.3
Spellcasting   | 3 4 5 7 8 9 10 11 12 13 14 15 16 21 | 21.1
Fighting       | 1 2 3 4 5 9 13 14 15 | 15.4
Stealth        | 3 4 5 6 7 8 9 10 11 12 14 | 14.3
Dodging        | 3 4 5 6 7 8 9 10 11 13 | 13.2
Translocations | 1 2 4 5 6 |  6.6
Armour         | 2 3 4 5 15 | 15.3
Hexes          | 1 2 3 |  3.8
Shields        | 2 3 4 5 6 7 8 11 | 11.4
Air Magic      | 3 4 7 9 10 11 13 14 15 16 17 18 19 20 26 | 26.6
Invocations    | 2 4 |  4.0
Evocations     | 2 3 4 |  4.2
Charms         | 3 4 5 6 7 |  7.4
Fire Magic     | 4 6 8 10 11 13 14 15 16 17 21 | 21.7
Ice Magic      | 1 2 |  2.5
Necromancy     | 1 6 |  6.7
Poison Magic   | |  0.6

Action                   |  1- 3 |  4- 6 |  7- 9 | 10-12 | 13-15 | 16-18 | 19-21 | 22-24 | 25-27 || total
-------------------------+-------+-------+-------+-------+-------+-------+-------+-------+-------++-------
Melee: Dagger            |    19 |       |       |       |       |       |       |       |       ||    19
       Peck              |     4 |    10 |    39 |    48 |   167 |   121 |   404 |   415 |   980 ||  2188
       Kick              |     8 |    12 |    48 |    74 |   244 |   182 |   588 |   648 |  1485 ||  3289
       Short sword       |    23 |    73 |   247 |   253 |   846 |   678 |  1708 |  1490 |  3250 ||  8568
       Demon whip        |       |       |       |       |       |       |       |       |     1 ||     1
 Cast: Magic Dart        |    50 |   115 |   195 |   116 |   160 |     2 |       |       |       ||   638
       Dazzling Spray    |       |       |    25 |    87 |   291 |    52 |    32 |     2 |       ||   489
       Iskenderun's Myst |       |       |    14 |    32 |   159 |   140 |    73 |    30 |    66 ||   514
       Force Lance       |       |       |       |    31 |   137 |   126 |   144 |   104 |   182 ||   724
       Deflect Missiles  |       |       |       |     1 |     5 |    22 |     9 |     2 |    23 ||    62
       Sticky Flame      |       |       |       |       |    53 |   115 |   186 |   132 |   197 ||   683
       Throw Flame       |       |       |       |       |    73 |   842 |   587 |   481 |   553 ||  2536
       Fireball          |       |       |       |       |     7 |   127 |   147 |    97 |   184 ||   562
       Lightning Bolt    |       |       |       |       |     2 |    12 |       |       |       ||    14
       Fulminant Prism   |       |       |       |       |       |     5 |       |       |       ||     5
       Mephitic Cloud    |       |       |       |       |       |       |    28 |    20 |    77 ||   125
       Swiftness         |       |       |       |       |       |       |     1 |     2 |     2 ||     5
       Ozocubu's Armour  |       |       |       |       |       |       |    12 |     6 |    55 ||    73
       Iskenderun's Batt |       |       |       |       |       |       |       |    84 |   261 ||   345
       Airstrike         |       |       |       |       |       |       |       |    61 |   434 ||   495
       Summon Lightning  |       |       |       |       |       |       |       |    18 |    76 ||    94
       Conjure Flame     |       |       |       |       |       |       |       |     6 |       ||     6
       Bolt of Draining  |       |       |       |       |       |       |       |       |   247 ||   247
       Apportation       |       |       |       |       |       |       |       |       |     4 ||     4
       Animate Skeleton  |       |       |       |       |       |       |       |       |   128 ||   128
       Regeneration      |       |       |       |       |       |       |       |       |    19 ||    19
       Blink             |       |       |       |       |       |       |       |       |     7 ||     7
       Freezing Cloud    |       |       |       |       |       |       |       |       |     2 ||     2
Invok: Divine Energy     |       |       |     1 |       |       |       |       |       |       ||     1
       Channel Magic     |       |       |       |       |       |     4 |       |       |    19 ||    23
 Abil: Fly               |       |    11 |    32 |    29 |    26 |     2 |     1 |     2 |     7 ||   110
       Stop Flying       |       |       |       |       |     1 |     2 |     1 |     2 |     7 ||    13
       Evoke Invisibilit |       |       |       |       |       |       |     3 |     1 |       ||     4
Evoke: Wand              |       |       |       |       |    15 |    15 |    19 |       |    15 ||    64
       Box of beasts     |       |       |       |       |     1 |       |       |       |       ||     1
       Phial of floods   |       |       |       |       |       |     2 |     1 |       |     3 ||     6
       Lamp of fire      |       |       |       |       |       |       |     1 |     1 |     1 ||     3
       Lightning rod     |       |       |       |       |       |       |       |       |     8 ||     8
  Use: Scroll            |       |    12 |    14 |     7 |    16 |    16 |    25 |    15 |    32 ||   137
       Potion            |       |     1 |     1 |     3 |     7 |     2 |     7 |     3 |    19 ||    43
 Stab: Sleeping          |     2 |     3 |    12 |     6 |    20 |    11 |    52 |    21 |    26 ||   153
       Invisible         |       |       |     8 |    31 |    84 |    19 |    20 |     1 |       ||   163
       Distracted        |       |       |       |       |       |     1 |     4 |    11 |    56 ||    72
       Confused          |       |       |       |       |       |       |    32 |    36 |    93 ||   161
  Eat: Chunk             |     3 |    13 |    16 |    24 |    62 |    33 |    61 |    23 |   297 ||   532
       Meat ration       |       |       |     1 |       |       |       |     1 |     7 |       ||     9
       Fruit             |       |       |       |       |     1 |     2 |     4 |       |       ||     7
       Royal jelly       |       |       |       |       |     2 |     4 |     1 |     1 |     1 ||     9
       Bread ration      |       |       |       |       |       |    12 |     1 |       |     3 ||    16
Armor: Robe              |     4 |    11 |    10 |       |     5 |    88 |   199 |       |       ||   317
       Troll leather arm |       |       |    34 |    63 |   119 |       |       |       |       ||   216
       Leather armour    |       |       |       |       |    85 |    14 |    49 |   211 |   605 ||   964
Dodge: Dodged            |    28 |    40 |   150 |   206 |   724 |   741 |  1322 |   909 |  2541 ||  6661
       Deflected         |       |       |       |       |    39 |   128 |   114 |    19 |   171 ||   471
Block: Buckler           |       |       |       |    39 |   244 |   289 |   564 |   420 |  1239 ||  2795
       Reflection        |       |       |       |       |       |       |       |       |    25 ||    25
